 Dungeon Crawl Stone Soup version 0.29-a0-322-g68df515428 (webtiles) character file.

Game seed: 7237918121182935688

7 calli0pe the Slasher (level 2, 0/24 HPs)
             Began as a Human Berserker on Apr 7, 2022.
             Was a Follower of Trog.
             Slain by a goblin
             ... wielding a +0 dagger
              (2 damage)
             ... on level 1 of the Dungeon.
             The game lasted 00:00:30 (149 turns).

calli0pe the Slasher (Human Berserker)               Turns: 149, Time: 00:00:31

Health: 0/24       AC:  2    Str: 17    XL:     2   Next: 10%
Magic:  2/2        EV: 12    Int:  7    God:    Trog [*.....]
Gold:   18         SH:  0    Dex: 12    Spells: 1/1 levels left

rFire   . . .      SeeInvis .   a - +0 falchion
rCold   . . .      Faith    .   (no shield)
rNeg    . . .      Spirit   .   d - +0 robe
rPois   .          Reflect  .   (no helmet)
rElec   .          Harm     .   (no cloak)
rCorr   .          Rampage  .   (no gloves)
Will    .....                   (no boots)
Stlth   +.........              (no amulet)
HPRegen 0.08/turn               (no ring)
MPRegen 0.08/turn               (no ring)

@: no status effects
A: no striking features
a: Renounce Religion, Berserk


You were on level 1 of the Dungeon.
You worshipped Trog.
Trog was aware of your devotion.
You visited 1 branch of the dungeon, and saw 1 of its levels.

You collected 18 gold pieces.

Inventory:

Hand Weapons
 a - a +0 falchion (weapon)
 f - a +0 club
Armour
 b - a +0 animal skin
 d - a +0 robe (worn)
Scrolls
 e - a scroll of teleportation {unknown}
Potions
 c - a potion of attraction {unknown}


   Skills:
 + Level 3.1 Fighting
 + Level 3.2 Long Blades
 + Level 2.0 Armour
 + Level 2.1 Dodging


You had one spell level left.
You didn't know any spells.
Your spell library was empty.

Dungeon Overview and Level Annotations

Branches:
Dungeon (1/15)

Altars:


Message History

f - a +0 club
Found a stone staircase leading down.
A ball python comes into view.
The ball python hisses angrily.
A giant cockroach comes into view.
A goblin comes into view. It is wielding a +0 dagger.
The goblin shouts!
You hear a shout!
The goblin moves out of view.
You hit the ball python.
You kill the ball python!
Trog accepts your kill.
You have reached level 2!
The giant cockroach misses you. The giant cockroach closely misses you.
You see here a ball python corpse.
You barely miss the giant cockroach. The goblin closely misses you.
The giant cockroach misses you.
You closely miss the giant cockroach.
A goblin comes into view. It is wielding a +0 dagger.
The goblin closely misses you. The giant cockroach bites you.
* * * LOW HITPOINT WARNING * * *
The goblin hits you with a +0 dagger.
* * * LOW HITPOINT WARNING * * *
The goblin shouts!
You hit the giant cockroach.
The giant cockroach is severely wounded.
The giant cockroach waves its antennae.
The giant cockroach misses you. The goblin hits you with a +0 dagger.
* * * LOW HITPOINT WARNING * * *
The giant cockroach bites you but does no damage.
You hit the giant cockroach but do no damage.
The giant cockroach is severely wounded.
The giant cockroach bites you but does no damage.
The goblin misses you.
You hit the giant cockroach.
You kill the giant cockroach!
Trog accepts your kill. The goblin closely misses you.
A hobgoblin comes into view.
The goblin hits you with a +0 dagger.
You die...

#### ..... #..# ..#.
.#.# ..>.####... ....
... ..... ... .... .#
...# #.. #..# .#
..###.###g..#
.#########...........#..
.......##..###..........
.#####.........†@.# ##
####.......g...#
#..######.#...# #..# g#
.... #..# .# ##. #..# .#
.... .. ..≈≈. .#


You could see a hobgoblin and 2 goblins.

Vanquished Creatures
  A giant cockroach (D:1)
  A goblin (D:1)
  3 jackals (D:1)
  A ball python (D:1)
6 creatures vanquished.

Notes
Turn   | Place    | Note
-------+----------+-------------------------------------------
     0 | D:1      | calli0pe the Human Berserker began the quest for the Orb.
     0 | D:1      | Reached XP level 1. HP: 18/18 MP: 1/1
   143 | D:1      | Reached XP level 2. HP: 6/24 MP: 2/2
   149 | D:1      | Slain by a goblin

Illustrated notes

Levels and vault maps discovered:
D:1:      minmay_arrival_hallway, layout_loops_ring, grunt_decor_fettered,
          corexii_leaking_fountain

Action                   || total
-------------------------++-------
Melee: Falchion          ||    23
Armor: Robe              ||     9
Dodge: Dodged            ||    38

Table legend: (Time is in decaauts)
 A = Elapsed time spent in this place.
 B = Non-inter-level travel time spent in this place.
 C = Inter-level travel time spent in this place.
 D = Time resting spent in this place.
 E = Time spent auto-exploring this place.
 F = Levels seen in this place.
 G = Mean time per level.
                   A        B        C        D        E       F      G
               +--------+--------+--------+--------+--------+-----+--------+
         Total |    152 |    152 |      0 |      0 |      0 |   1 |  152.0 |
       Dungeon |    152 |    152 |      0 |      0 |      0 |   1 |  152.0 |
               +--------+--------+--------+--------+--------+-----+--------+

Top non-repeatable levels by time:
     D:1: 152 daAuts
